 Dungeon Crawl Stone Soup version 0.31-a0-1082-g7d1fb776a8 (webtiles) character file.

Game seed: 4534724722121286843

87 Flugslaktarn the Changeling (level 4, -3/29 HPs)
             Began as an Octopode Shapeshifter on Nov 28, 2023.
             Slain by a goblin
             ... wielding a +0 club
             ... led by Robin
              (5 damage)
             ... on level 2 of the Dungeon.
             The game lasted 00:00:45 (1241 turns).

Flugslaktarn the Changeling (Octopode Shapeshifter) Turns: 1241, Time: 00:00:45

Health: -3/29      AC:  1    Str: 19    XL:     4   Next: 51%
Magic:  4/4        EV: 13    Int: 12    God:
Gold:   87         SH:  0    Dex: 13    Spells: 3/3 levels left

rFire   . .          .
                       - Unarmed
rCold   . . .        (no shield)
rNeg    . . .        (helmet currently unavailable)
rPois   .            (no amulet)
rElec   .            i - +6 ring of strength
rCorr   .            (no ring)
SInv    .            (no ring)
Will    .....        (no ring)
Stlth   ++           (no ring)
HPRegen 0.24/turn    (no ring)
MPRegen 0.09/turn    (no ring)
                     (no ring)

%: no passive effects
@: beast-form
A: beast (slay +2), almost no armour, amphibious, 8 rings, camouflage 1,
gelatinous body 1, (nimble swimmer 1), tentacles
a: Begin Untransformation


You were on level 2 of the Dungeon.
You were a hulking beast.
You visited 1 branch of the dungeon, and saw 2 of its levels.

You collected 87 gold pieces.

Inventory:

Jewellery
 i - a +6 ring of strength (left tentacle)
   (You found it on level 2 of the Dungeon)
Talismans
 b - a beast talisman
 c - a flux talisman
Scrolls
 d - a scroll of poison {unknown}
 e - 2 scrolls of teleportation {unknown}
 f - 2 scrolls of immolation {unknown}
 g - 3 scrolls of identify {unknown}
 h - a scroll of revelation {unknown}
 j - a scroll of fear {unknown}
 l - a scroll of torment {unknown}
Potions
 a - 4 potions of lignification
 k - 2 potions of might {unknown}


   Skills:
 + Level 2.2 Fighting
 - Level 2.0 Dodging
 + Level 3.6 Unarmed Combat
 * Level 4.0 Shapeshifting


You had 3 spell levels left.
You didn't know any spells.
Your spell library was empty.

Dungeon Overview and Level Annotations

Branches:
Dungeon (2/15)

Altars:

Annotations:
D:2 Robin


Innate Abilities, Weirdness & Mutations

You are a hulking beast.
Your limbs bulge with bestial killing power. (Slay +2)
You cannot wear most types of armour.
You are amphibious.
You can wear up to eight rings at the same time.
Your skin changes colour to match your surroundings (Stealth+).
Your rubbery body absorbs attacks. (AC +1, EV +1)
((You are camouflaged when in or above water. (Stealth+)))
You have tentacles for arms and can constrict up to eight enemies at once.


Message History

You open the door.
Found a stone staircase leading down.
No target in view!
l - a scroll labelled CACWITHR TYPHUREI
There is a stone staircase leading down here.
A hobgoblin comes into view.
The hobgoblin hits you.
You bludgeon the hobgoblin!
You kill the hobgoblin!
No target in view!
No target in view!
No target in view!
A rat comes into view.
A rat is nearby!
A rat is nearby!
You tentacle-slap the rat.
You kill the rat!
No target in view!
No target in view!
No target in view!
A worm comes into view.
Found 13 gold pieces.
A worm is nearby!
A worm is nearby!
You tentacle-slap the worm. You grab the worm. You squeeze the worm!
The worm is almost dead.
You constrict the worm.
You kill the worm!
Your Shapeshifting skill increases to level 4!
No target in view!
No target in view!
No target in view!
You now have 87 gold pieces (gained 13).
A dart slug comes into view.
A goblin comes into view. It is wielding a +0 club.
There are monsters nearby!
There are monsters nearby!
A goblin comes into view. It is wielding a +0 club.
A goblin and 3 hobgoblins come into view.
The goblin shouts!
You hear a shout!
The goblin shouts!
You hear a shout!
The hobgoblin shouts!
A goblin comes into view. It is wielding a +0 dagger.
The goblin moves out of view.
The goblin shouts! x2; The hobgoblin shouts!
A goblin comes into view. It is wielding a +0 dagger.
A goblin comes into view. It is wielding a +0 club.
The goblin shouts!
You tentacle-slap the dart slug. You grab the dart slug.
You squeeze the dart slug.
You kill the dart slug!
You hear a shout!
A goblin comes into view. It is wielding a +0 club.
The goblin shouts!
You tentacle-slap the hobgoblin. You grab the hobgoblin.
The hobgoblin is almost dead.
You constrict the hobgoblin, but do no damage.
Robin of the Strong Arm comes into view.
They are wielding a +0 mace.
The hobgoblin struggles to escape constriction.
You tentacle-slap the hobgoblin.
You kill the hobgoblin!
Robin roars a battlecry!
The goblins go into a battle-frenzy!
The hobgoblin closely misses you.
You bludgeon the goblin!
You kill the goblin!
Robin throws the goblin at you!
The goblin unwields a +0 dagger.
The goblin wields a +0 sling.
The goblin shoots a sling bullet.
The sling bullet completely misses you.
The goblin unwields a +0 club.
The goblin wields a +0 sling.
The goblin shoots a sling bullet.
The sling bullet barely misses you.
The sling bullet closely misses the goblin.
The goblin hits you with a +0 dagger. The hobgoblin hits you.
You tentacle-slap the goblin. Your grab misses the goblin.
You squeeze the goblin.
You kill the goblin!
The hobgoblin completely misses you.
The goblin shoots a sling bullet.
The sling bullet barely misses you.
The goblin shoots a sling bullet.
The sling bullet hits you.
You tentacle-slap the hobgoblin. You grab the hobgoblin.
The hobgoblin is severely wounded.
You constrict the hobgoblin. The hobgoblin hits you.
The goblin shoots a sling bullet.
The sling bullet closely misses you.
The goblin shoots a sling bullet.
The sling bullet hits you but does no damage.
You tentacle-slap the hobgoblin.
You kill the hobgoblin!
The goblin shoots a sling bullet.
The sling bullet misses you.
The goblin shoots a sling bullet.
The sling bullet closely misses you.
There are monsters nearby!
Robin throws the goblin at you! The goblin hits you with a +0 club.
The goblin unwields a +0 sling.
The goblin wields a +0 dagger.
The goblin hits you with a +0 dagger.
* * * LOW HITPOINT WARNING * * *
Things that are here:
a +0 club; a goblin corpse; a hobgoblin corpse Unknown command.
Robin throws the goblin at you!
* * * LOW HITPOINT WARNING * * *
The goblin misses you. The goblin hits you with a +0 club.
You die...

.........#
########.#########
##.........#
#....#####.#
#.##.#####.########
#.#................
#.#..........#####.
#.#g######.#.#
#.hg.# #.#.# .
###)g# #.#.### .
#gg# #.#.#.. . #g.#
#.#.#.# # #..#
#.#.#.# .g.# #.#.#
.... #.#.#### #.#.
#......† .###.
###.####


You could see Robin, a hobgoblin (strong) and 5 goblins.

Vanquished Creatures
  Jessica (D:2)
  A worm (D:2)
  3 dart slugs
  A ball python (D:1)
  3 endoplasms
  2 giant cockroaches
  8 goblins
  6 hobgoblins
  4 jackals (D:1)
  6 kobolds
  3 quokkas
  3 bats
  A frilled lizard (D:2)
  3 rats
45 creatures vanquished.

Notes
Turn   | Place    | Note
-------+----------+-------------------------------------------
     0 | D:1      | Flugslaktarn the Octopode Shapeshifter began the quest for
                  | the Orb.
     0 | D:1      | Reached XP level 1. HP: 13/13 MP: 1/1
    17 | D:1      | Reached XP level 2. HP: 11/18 MP: 2/2
   235 | D:1      | Reached XP level 3. HP: 17/23 MP: 3/3
   554 | D:2      | Noticed Jessica
   566 | D:2      | Killed Jessica
   567 | D:2      | Reached XP level 4. HP: 4/29 MP: 4/4
   845 | D:2      | Found the +13 scythe of Curses {drain, curses, Drain}
  1213 | D:2      | Reached skill level 4 in Shapeshifting
  1234 | D:2      | Noticed Robin
  1241 | D:2      | Slain by a goblin

Illustrated notes

Levels and vault maps discovered:
D:1:      erik_arrival_blinker_ship, layout_rooms, minmay_tromino_v7
D:2:      minmay_door_path, layout_loops_ring, uniq_jessica, uniq_robin

Skill      XL: |  1  2  3  4 |
---------------+-------------+-----
Fighting       | 2 |  2.2
Shapeshifting  | 4 |  4.0
Dodging        | |  2.0
Unarmed Combat | |  3.6

Action                     |  1- 3 |  4- 6 || total
---------------------------+-------+-------++-------
  Melee: Unarmed           |    53 |    26 ||    79
         Constrict         |    12 |     7 ||    19
         Tentacles         |     8 |     6 ||    14
         Punch             |     1 |       ||     1
   Stab: Sleeping          |     3 |       ||     3
 Armour: Skin              |    22 |    17 ||    39
  Dodge: Dodged            |    35 |    15 ||    50

Table legend: (Time is in decaauts)
 A = Elapsed time spent in this place.
 B = Non-inter-level travel time spent in this place.
 C = Inter-level travel time spent in this place.
 D = Time resting spent in this place.
 E = Time spent auto-exploring this place.
 F = Levels seen in this place.
 G = Mean time per level.
                   A        B        C        D        E       F      G
               +--------+--------+--------+--------+--------+-----+--------+
         Total |   1236 |   1205 |     31 |    138 |    830 |   2 |  618.0 |
       Dungeon |   1236 |   1205 |     31 |    138 |    830 |   2 |  618.0 |
               +--------+--------+--------+--------+--------+-----+--------+

Top non-repeatable levels by time:
     D:2: 695 daAuts
     D:1: 540 daAuts
